River Rats vs Machettes
(R1)
Created - 31 octobre 2012 at 22:07
Simulating a Pre-Season
Goals
|
River Rats |
2 |
0 |
0 |
2 |
Machettes |
0 |
1 |
2 |
3 |
|
Shots
|
River Rats |
16 |
4 |
7 |
27 |
Machettes |
11 |
13 |
9 |
33 |
|
1st period
1. River Rats , Josh Gratton 1 (Peter Mueller, Trent Hunter) at 2:11
2. River Rats , Dustin Boyd 3 (Sergei Shirokov, Mikael Renberg) at 9:16
Penalties :
Tyler Bozak (Alb) for Hooking (Minor) at 18:43
2nd period
3. Machettes , Pavel Vorobiev 2 (John Mitchell) at 12:21
Penalties :
Chris Mcallister (Alb) for Hooking (Minor) at 0:26, Peter Olvecky (CLM) for Interference (Minor) at 5:10, Dustin Boyd (Alb) for Holding (Minor) at 5:10, Sergei Shirokov (Alb) for Holding (Minor) at 7:48, Keith Seabrook (Alb) for Interference (Minor) at 16:18, Peter Mueller (Alb) for Cross-checking (Minor) at 19:50
3rd period
4. Machettes , Cory Emmerton 1 (Stefan Ruzicka) at 0:39 (PP)
5. Machettes , Stefan Ruzicka 1 (Alexandre Picard) at 3:29
Penalties :
Keith Seabrook (Alb) for Tripping (Minor) at 2:26, Paul Ranger (CLM) for Tripping (Minor) at 3:21, Cory Emmerton (CLM) for Charging (Minor) at 6:45, Mikael Renberg (Alb) for Roughing (Minor) at 11:22, Paul Ranger (CLM) for Hooking (Minor) at 11:27, Peter Olvecky (CLM) for Hooking (Minor) at 14:07
Goalie Stats
Allen York (Alb), 30 saves from 33 shots - (0,909), L, 0-1-0, 59:23 minutes
Marek Schwarz (CLM), 25 saves from 27 shots - (0,926), W, 1-1-0, 60:00 minutes
Players Stats for River Rats
Player Name G A P +/- PIM S H SB GA TA FO MP PP MP PK MP
------------------------------------------------------------------------------------
Andrej Meszaros 0 0 0 0 0 2 0 1 2 1 0/0 20:39 2:02 3:43
Ben Lovejoy 0 0 0 0 0 2 3 3 0 0 0/0 28:33 2:56 5:46
Brett Maclean 0 0 0 0 0 0 2 0 0 0 0/1 14:52 2:09 0:00
Bryan Bickell 0 0 0 0 0 2 2 0 0 0 0/0 10:16 0:44 1:37
Chris Mcallister 0 0 0 1 2 0 2 1 0 0 0/1 19:43 2:00 2:32
Dustin Boyd 1 0 1 1 2 3 1 3 1 1 10/20 19:58 1:58 3:07
Jay Beagle 0 0 0 0 0 1 1 1 0 0 0/0 6:43 0:16 0:00
Jim Fahey 0 0 0 0 0 1 0 1 0 0 0/0 10:48 0:00 0:00
Jonathan Ericsson 0 0 0 0 0 2 3 1 0 1 0/0 28:33 2:56 5:46
Josh Gratton 1 0 1 0 0 1 2 0 0 0 0/0 8:51 0:22 0:13
Keith Seabrook 0 0 0 0 4 0 2 0 0 1 0/0 11:11 0:22 0:00
Kyle Chipchura 0 0 0 0 0 1 0 0 0 1 9/15 12:14 0:00 5:44
Mikael Renberg 0 1 1 0 2 3 2 0 0 0 1/2 16:04 2:14 0:22
Peter Mueller 0 1 1 0 2 0 1 0 0 0 2/10 10:20 2:09 0:13
Ryan Suter 0 0 0 0 0 1 1 0 0 0 0/0 20:39 2:02 3:43
Sergei Shirokov 0 1 1 0 2 5 0 0 0 0 1/1 21:45 2:18 4:47
Trent Hunter 0 1 1 0 0 1 1 0 1 0 0/0 8:37 0:00 0:00
Tyler Bozak 0 0 0 -1 2 2 2 0 0 0 7/16 15:24 0:22 0:06
Players Stats for Machettes
Player Name G A P +/- PIM S H SB GA TA FO MP PP MP PK MP
------------------------------------------------------------------------------------
Alec Martinez 0 0 0 -1 0 0 1 0 0 0 0/0 20:52 2:56 2:21
Alexandre Picard 0 1 1 -1 0 0 0 1 0 0 0/0 20:52 2:56 2:21
Andrew Orpik 0 0 0 0 0 0 0 2 0 0 0/0 14:10 0:00 0:22
Cory Emmerton 1 0 1 0 2 1 0 0 0 0 7/12 13:36 3:57 0:00
John Mitchell 0 1 1 1 0 2 4 1 1 0 16/32 20:51 5:31 1:28
Justin Falk 0 0 0 0 0 0 0 3 0 0 0/0 11:48 0:00 0:14
Luca Caputi 0 0 0 0 0 0 2 0 0 0 0/0 6:22 0:00 0:00
Mathieu Darche 0 0 0 1 0 1 2 0 0 0 1/2 20:33 5:23 1:32
Matt Keith 0 0 0 0 0 2 0 0 0 0 1/1 8:05 0:10 0:00
Michal Repik 0 0 0 0 0 0 0 0 0 0 0/0 0:00 0:00 0:00
Paul Ranger 0 0 0 1 4 4 1 1 2 2 0/0 24:41 6:31 2:01
Pavel Vorobiev 1 0 1 2 0 6 1 1 1 0 5/8 22:14 5:23 2:21
Peter Olvecky 0 0 0 0 4 0 1 0 1 0 0/0 13:55 3:57 0:00
Rick Schofield 0 0 0 0 0 1 0 0 0 1 3/6 6:22 0:00 0:00
Stefan Ruzicka 1 1 2 1 0 6 1 0 0 0 0/0 18:46 3:57 2:21
Stephane Da Costa 0 0 0 -2 0 0 1 0 0 0 2/4 12:33 0:00 1:15
Steven Goertzen 0 0 0 -2 0 4 4 1 0 0 1/1 13:25 0:00 0:59
Tyler McNeely 0 0 0 -2 0 1 0 1 0 0 0/0 11:58 0:09 0:00
Yannick Tremblay 0 0 0 1 0 5 1 0 0 1 0/0 28:57 6:33 2:37
3 Stars
1 - Stefan Ruzicka (CLM)
2 - Pavel Vorobiev (CLM)
3 - John Mitchell (CLM)
Power Play
River Rats - 0 on 4 Attempt(s) - 0,00%
Machettes - 1 on 7 Attempt(s) - 14,29%
Penalty Kill
River Rats - 6 on 7 Attempt(s) - 85,71%
- Score 0 goal in Penalty Kill
Machettes - 4 on 4 Attempt(s) - 100,00%
- Score 0 goal in Penalty Kill
Official
Referees : Banfield David and Jackson Dave
Linesman : Jay Sharrers and Brad Kovachik
Game Notes
Paul Ranger is injured at 16:45 of 3rd period (Right Eye)
River Rats
5 vs 5 Forward
Center Left Wing Right Wing Time % Phy DF OF
1 Dustin Boyd Chris Mcallister Sergei Shirokov 40 1 2 2
2 Tyler Bozak Brett Maclean Mikael Renberg 30 1 2 2
3 Peter Mueller Josh Gratton Trent Hunter 20 1 2 2
4 Kyle Chipchura Bryan Bickell Jay Beagle 10 1 2 2
5 vs 5 Defense
Defense Defense Time % Phy DF OF
1 Ben Lovejoy Jonathan Ericsson 40 1 2 2
2 Ryan Suter Andrej Meszaros 30 1 2 2
3 Jim Fahey Keith Seabrook 20 1 2 2
4 Ben Lovejoy Jonathan Ericsson 10 1 2 2
PowerPlay Forward
Center Left Wing Right Wing Time % Phy DF OF
1 Dustin Boyd Chris Mcallister Sergei Shirokov 60 1 2 2
2 Peter Mueller Brett Maclean Mikael Renberg 40 1 2 2
PowerPlay Defense
Defense Defense Time % Phy DF OF
1 Ben Lovejoy Jonathan Ericsson 60 1 2 2
2 Ryan Suter Andrej Meszaros 40 1 2 2
Penalty Kill 4 Players Forward
Center Wing Time % Phy DF OF
1 Kyle Chipchura Sergei Shirokov 60 1 2 2
2 Dustin Boyd Chris Mcallister 40 1 2 2
Penalty Kill 4 Players Defense
Defense Defense Time % Phy DF OF
1 Ben Lovejoy Jonathan Ericsson 60 1 2 2
2 Ryan Suter Andrej Meszaros 40 1 2 2
Penalty Kill - 3 Players Forward
Forward Time % Phy DF OF
1 Mikael Renberg 60 1 2 2
2 Sergei Shirokov 40 1 2 2
Penalty Kill - 3 Players Defense
Defense Defense Time % Phy DF OF
1 Ben Lovejoy Jonathan Ericsson 60 1 2 2
2 Ryan Suter Andrej Meszaros 40 1 2 2
4 vs 4 Forward
Center Wing Time % Phy DF OF
1 Tyler Bozak Sergei Shirokov 60 1 2 2
2 Dustin Boyd Chris Mcallister 40 1 2 2
4 vs 4 Defense
Defense Defense Time % Phy DF OF
1 Ben Lovejoy Jonathan Ericsson 60 1 2 2
2 Ryan Suter Andrej Meszaros 40 1 2 2
Last Minutes Offensive
Center Left Wing Right Wing Defense Defense
Dustin Boyd Chris Mcallister Mikael Renberg Ben Lovejoy Jonathan Ericsson
Last Minutes Defensive
Center Left Wing Right Wing Defense Defense
Dustin Boyd Chris Mcallister Mikael Renberg Ben Lovejoy Jonathan Ericsson
Goaltenders
Starting : Allen York
Backup : Jeff Glass
Extra Forwards
Normal : Brett Maclean, Trent Hunter, Bryan Bickell - PP : Bryan Bickell, Brett Maclean - PK : Bryan Bickell
Extra Defensemen
Normal : Jim Fahey, Keith Seabrook, Ryan Suter - PP : Jim Fahey - PK : Keith Seabrook, Ryan Suter
Penalty Shots
Mikael Renberg, Sergei Shirokov, Dustin Boyd, Chris Mcallister, Josh Gratton
Machettes
5 vs 5 Forward
Center Left Wing Right Wing Time % Phy DF OF
1 John Mitchell Mathieu Darche Pavel Vorobiev 40 1 2 2
2 Cory Emmerton Peter Olvecky Stefan Ruzicka 30 1 2 2
3 Stephane Da Costa Tyler McNeely Steven Goertzen 20 1 2 2
4 Rick Schofield Luca Caputi Matt Keith 10 1 2 2
5 vs 5 Defense
Defense Defense Time % Phy DF OF
1 Yannick Tremblay Paul Ranger 40 1 2 2
2 Alexandre Picard Alec Martinez 30 1 2 2
3 Andrew Orpik Justin Falk 20 1 2 2
4 Yannick Tremblay Paul Ranger 10 1 2 2
PowerPlay Forward
Center Left Wing Right Wing Time % Phy DF OF
1 John Mitchell Mathieu Darche Pavel Vorobiev 60 1 2 2
2 Cory Emmerton Peter Olvecky Stefan Ruzicka 40 1 2 2
PowerPlay Defense
Defense Defense Time % Phy DF OF
1 Yannick Tremblay Paul Ranger 60 1 2 2
2 Alexandre Picard Alec Martinez 40 1 2 2
Penalty Kill 4 Players Forward
Center Wing Time % Phy DF OF
1 Pavel Vorobiev Stefan Ruzicka 60 1 2 2
2 Steven Goertzen John Mitchell 40 1 2 2
Penalty Kill 4 Players Defense
Defense Defense Time % Phy DF OF
1 Yannick Tremblay Paul Ranger 60 1 2 2
2 Alexandre Picard Alec Martinez 40 1 2 2
Penalty Kill - 3 Players Forward
Forward Time % Phy DF OF
1 Pavel Vorobiev 60 1 2 2
2 Stefan Ruzicka 40 1 2 2
Penalty Kill - 3 Players Defense
Defense Defense Time % Phy DF OF
1 Yannick Tremblay Paul Ranger 60 1 2 2
2 Alexandre Picard Alec Martinez 40 1 2 2
4 vs 4 Forward
Center Wing Time % Phy DF OF
1 Pavel Vorobiev Stefan Ruzicka 60 1 2 2
2 Steven Goertzen John Mitchell 40 1 2 2
4 vs 4 Defense
Defense Defense Time % Phy DF OF
1 Yannick Tremblay Paul Ranger 60 1 2 2
2 Alexandre Picard Alec Martinez 40 1 2 2
Last Minutes Offensive
Center Left Wing Right Wing Defense Defense
John Mitchell Mathieu Darche Pavel Vorobiev Yannick Tremblay Paul Ranger
Last Minutes Defensive
Center Left Wing Right Wing Defense Defense
John Mitchell Mathieu Darche Pavel Vorobiev Yannick Tremblay Paul Ranger
Goaltenders
Starting : Marek Schwarz
Backup : Jeremy Duchesne
Extra Forwards
Normal : Matt Keith, Tyler McNeely, Stephane Da Costa - PP : Matt Keith, Tyler McNeely - PK : Stephane Da Costa
Extra Defensemen
Normal : Andrew Orpik, Justin Falk, Alexandre Picard - PP : Andrew Orpik - PK : Justin Falk, Alexandre Picard
Penalty Shots
Pavel Vorobiev, Stefan Ruzicka, Steven Goertzen, John Mitchell, Matt Keith
% Time on Ice - River Rats
Lines # - Real PCT - Wanted PCT - Time Play
Normal Forward
1 - 32% - 40% - 12:32
2 - 33% - 30% - 12:59
3 - 20% - 20% - 7:58
4 - 16% - 10% - 6:10
Normal Defense
1 - 38% - 40% - 14:55
2 - 32% - 30% - 12:44
3 - 27% - 20% - 10:48
4 - 3% - 10% - 1:12
PP Forward
1 - 55% - 60% - 2:44
2 - 45% - 40% - 2:14
PP Defense
1 - 59% - 60% - 2:56
2 - 41% - 40% - 2:02
PK Forward
1 - 75% - 60% - 6:55
2 - 25% - 40% - 2:18
PK Defense
1 - 60% - 60% - 5:30
2 - 40% - 40% - 3:43
PK3 Forward
1 - 100% - 60% - 0:16
2 - 0% - 40% - 0:00
PK3 Defense
1 - 100% - 60% - 0:16
2 - 0% - 40% - 0:00
44 Forward
1 - 76% - 60% - 3:47
2 - 24% - 40% - 1:10
44 Defense
1 - 65% - 60% - 3:14
2 - 35% - 40% - 1:43
Last Minute Offensive - 0:57
Last Minute Defensive - 0:00
Total
Forward - 60:00
Defense - 60:00
|
% Time on Ice - Machettes
Lines # - Real PCT - Wanted PCT - Time Play
Normal Forward
1 - 31% - 40% - 12:24
2 - 27% - 30% - 10:40
3 - 26% - 20% - 10:16
4 - 16% - 10% - 6:22
Normal Defense
1 - 37% - 40% - 14:47
2 - 33% - 30% - 13:16
3 - 26% - 20% - 10:11
4 - 4% - 10% - 1:28
PP Forward
1 - 58% - 60% - 5:32
2 - 42% - 40% - 3:57
PP Defense
1 - 69% - 60% - 6:33
2 - 31% - 40% - 2:56
PK Forward
1 - 80% - 60% - 3:59
2 - 20% - 40% - 0:59
PK Defense
1 - 53% - 60% - 2:37
2 - 47% - 40% - 2:21
PK3 Forward
1 - 0% - 60%
2 - 0% - 40%
PK3 Defense
1 - 0% - 60%
2 - 0% - 40%
44 Forward
1 - 81% - 60% - 4:01
2 - 19% - 40% - 0:56
44 Defense
1 - 61% - 60% - 3:02
2 - 39% - 40% - 1:55
Last Minute Offensive - 0:00
Last Minute Defensive - 0:54
Total
Forward - 60:00
Defense - 60:00
|
Play by Play
1st period
0:01 of 1st period - Dustin Boyd wins face-off versus John Mitchell in neutral zone.
0:52 of 1st period - Ryan Suter is hit by Steven Goertzen and loses puck.
1:01 of 1st period - Backhand shot by Paul Ranger.
1:01 of 1st period - Deflect By Steven Goertzen.
1:01 of 1st period - Stopped by Allen York without a rebound.
1:02 of 1st period - Rick Schofield wins face-off versus Kyle Chipchura in River Rats zone.
1:35 of 1st period - Snap shot by Dustin Boyd.
1:35 of 1st period - Shot Misses the Net.
1:37 of 1st period - Slapshot by Ryan Suter.
1:37 of 1st period - Shot Blocked by John Mitchell.
1:54 of 1st period - Slapshot by Stefan Ruzicka.
1:54 of 1st period - Shot Misses the Net.
2:00 of 1st period - Alec Martinez is hit by Ryan Suter and loses puck.
2:11 of 1st period - Snap shot by Peter Mueller.
2:11 of 1st period - Deflect By Josh Gratton.
2:11 of 1st period - Goal by Josh Gratton - River Rats : 1 - Machettes : 0.
2:12 of 1st period - John Mitchell wins face-off versus Dustin Boyd in neutral zone.
2:17 of 1st period - Snap shot by Pavel Vorobiev.
2:17 of 1st period - Stopped by Allen York without a rebound.
2:18 of 1st period - Dustin Boyd wins face-off versus John Mitchell in River Rats zone.
2:18 of 1st period - Dustin Boyd is hit by John Mitchell.
3:01 of 1st period - Slapshot by Sergei Shirokov.
3:01 of 1st period - Stopped by Marek Schwarz with a rebound.
3:21 of 1st period - Wrist shot by John Mitchell.
3:21 of 1st period - Shot Blocked by Chris Mcallister.
3:29 of 1st period - Snap shot by Sergei Shirokov.
3:29 of 1st period - Shot Misses the Net.
3:31 of 1st period - Snap shot by Chris Mcallister.
3:31 of 1st period - Shot Misses the Net.
3:33 of 1st period - Wrist shot by Chris Mcallister.
3:33 of 1st period - Shot Blocked by Justin Falk.
3:41 of 1st period - Snap shot by Dustin Boyd.
3:41 of 1st period - Shot Misses the Net.
3:43 of 1st period - Wrist shot by Chris Mcallister.
3:43 of 1st period - Shot Misses the Net.
3:45 of 1st period - Snap shot by Sergei Shirokov.
3:45 of 1st period - Shot Misses the Net.
3:47 of 1st period - Snap shot by Ben Lovejoy.
3:47 of 1st period - Stopped by Marek Schwarz with a rebound.
3:49 of 1st period - Snap shot by Dustin Boyd.
3:49 of 1st period - Shot Blocked by Justin Falk.
3:51 of 1st period - Snap shot by Sergei Shirokov.
3:51 of 1st period - Stopped by Marek Schwarz with a rebound.
3:53 of 1st period - Snap shot by Ben Lovejoy.
3:53 of 1st period - Shot Misses the Net.
3:55 of 1st period - Slapshot by Jonathan Ericsson.
3:55 of 1st period - Deflect By Dustin Boyd.
3:55 of 1st period - Shot Blocked by Andrew Orpik.
3:55 of 1st period - Puck is out of play.
3:56 of 1st period - Tyler Bozak wins face-off versus Stephane Da Costa in Machettes zone.
5:14 of 1st period - Snap shot by Steven Goertzen.
5:14 of 1st period - Stopped by Allen York without a rebound.
5:15 of 1st period - Cory Emmerton wins face-off versus Kyle Chipchura in River Rats zone.
7:01 of 1st period - Snap shot by Peter Mueller.
7:01 of 1st period - Shot Misses the Net.
7:43 of 1st period - Stefan Ruzicka is hit by Bryan Bickell and loses puck.
7:54 of 1st period - Slapshot by Yannick Tremblay.
7:54 of 1st period - Shot Blocked by Ben Lovejoy.
8:20 of 1st period - Josh Gratton is hit by Stephane Da Costa and loses puck.
8:43 of 1st period - Icing by Brett Maclean.
8:44 of 1st period - Pavel Vorobiev wins face-off versus Tyler Bozak in River Rats zone.
8:53 of 1st period - Ben Lovejoy is hit by Pavel Vorobiev and loses puck.
9:16 of 1st period - Snap shot by Dustin Boyd.
9:16 of 1st period - Goal by Dustin Boyd - River Rats : 2 - Machettes : 0.
9:17 of 1st period - John Mitchell wins face-off versus Dustin Boyd in neutral zone.
9:20 of 1st period - Wrist shot by Pavel Vorobiev.
9:20 of 1st period - Stopped by Allen York without a rebound.
9:21 of 1st period - John Mitchell wins face-off versus Dustin Boyd in River Rats zone.
9:30 of 1st period - John Mitchell is hit by Ben Lovejoy and loses puck.
9:35 of 1st period - Snap shot by Sergei Shirokov.
9:35 of 1st period - Stopped by Marek Schwarz with a rebound.
9:47 of 1st period - Mikael Renberg is hit by Paul Ranger and loses puck.
9:51 of 1st period - Icing by Jonathan Ericsson.
9:52 of 1st period - Cory Emmerton wins face-off versus Tyler Bozak in River Rats zone.
10:01 of 1st period - Wrist shot by Stefan Ruzicka.
10:01 of 1st period - Stopped by Allen York with a rebound.
10:07 of 1st period - Wrist shot by Mikael Renberg.
10:07 of 1st period - Stopped by Marek Schwarz with a rebound.
10:09 of 1st period - Slapshot by Jonathan Ericsson.
10:09 of 1st period - Stopped by Marek Schwarz without a rebound.
10:10 of 1st period - Dustin Boyd wins face-off versus John Mitchell in Machettes zone.
10:15 of 1st period - Snap shot by Sergei Shirokov.
10:15 of 1st period - Stopped by Marek Schwarz with a rebound.
10:21 of 1st period - Slapshot by Paul Ranger.
10:21 of 1st period - Shot Misses the Net.
10:23 of 1st period - Snap shot by Paul Ranger.
10:23 of 1st period - Shot Misses the Net.
10:25 of 1st period - Snap shot by Paul Ranger.
10:25 of 1st period - Stopped by Allen York with a rebound.
11:02 of 1st period - Wrist shot by Mikael Renberg.
11:02 of 1st period - Stopped by Marek Schwarz without a rebound.
11:03 of 1st period - John Mitchell wins face-off versus Dustin Boyd in Machettes zone.
11:57 of 1st period - Backhand shot by Yannick Tremblay.
11:57 of 1st period - Stopped by Allen York with a rebound.
11:59 of 1st period - Wrist shot by Steven Goertzen.
11:59 of 1st period - Shot Hit the Post.
12:19 of 1st period - Alexandre Picard is hit by Keith Seabrook and loses puck.
12:40 of 1st period - Snap shot by Peter Mueller.
12:40 of 1st period - Shot Misses the Net.
13:24 of 1st period - Alexandre Picard is hit by Jay Beagle and loses puck.
13:35 of 1st period - Stefan Ruzicka is hit by Tyler Bozak and loses puck.
13:41 of 1st period - Off-side.
13:42 of 1st period - Dustin Boyd wins face-off versus Mathieu Darche in neutral zone.
14:19 of 1st period - Steven Goertzen is hit by Brett Maclean and loses puck.
14:32 of 1st period - Slapshot by Andrej Meszaros.
14:32 of 1st period - Deflect By Bryan Bickell.
14:32 of 1st period - Stopped by Marek Schwarz without a rebound.
14:33 of 1st period - Kyle Chipchura wins face-off versus John Mitchell in Machettes zone.
15:19 of 1st period - Slapshot by Mikael Renberg.
15:19 of 1st period - Shot Misses the Net.
15:21 of 1st period - Slapshot by Ben Lovejoy.
15:21 of 1st period - Stopped by Marek Schwarz with a rebound.
15:23 of 1st period - Snap shot by Tyler Bozak.
15:23 of 1st period - Stopped by Marek Schwarz with a rebound.
15:25 of 1st period - Snap shot by Jim Fahey.
15:25 of 1st period - Stopped by Marek Schwarz with a rebound.
15:27 of 1st period - Backhand shot by Mikael Renberg.
15:27 of 1st period - Stopped by Marek Schwarz without a rebound.
15:28 of 1st period - John Mitchell wins face-off versus Dustin Boyd in Machettes zone.
15:37 of 1st period - Snap shot by Mathieu Darche.
15:37 of 1st period - Shot Blocked by Dustin Boyd.
17:00 of 1st period - Slapshot by Paul Ranger.
17:00 of 1st period - Deflect By Pavel Vorobiev.
17:00 of 1st period - Stopped by Allen York with a rebound.
17:02 of 1st period - Snap shot by John Mitchell.
17:02 of 1st period - Stopped by Allen York without a rebound.
17:03 of 1st period - John Mitchell wins face-off versus Dustin Boyd in River Rats zone.
17:18 of 1st period - Snap shot by Sergei Shirokov.
17:18 of 1st period - Stopped by Marek Schwarz without a rebound.
17:19 of 1st period - Cory Emmerton wins face-off versus Tyler Bozak in Machettes zone.
17:19 of 1st period - Cory Emmerton is hit by Mikael Renberg.
18:28 of 1st period - Ryan Suter is hit by Luca Caputi and loses puck.
18:43 of 1st period - Minor Penalty to Tyler Bozak for Hooking.
18:44 of 1st period - Kyle Chipchura wins face-off versus John Mitchell in River Rats zone.
18:44 of 1st period - Kyle Chipchura is hit by Yannick Tremblay.
19:10 of 1st period - Icing by Yannick Tremblay.
19:11 of 1st period - Sergei Shirokov wins face-off versus John Mitchell in Machettes zone.
19:29 of 1st period - Icing by Yannick Tremblay.
19:30 of 1st period - Kyle Chipchura wins face-off versus Cory Emmerton in Machettes zone.
19:39 of 1st period - Sergei Shirokov is hit by John Mitchell and loses puck.
19:44 of 1st period - Wrist shot by Pavel Vorobiev.
19:44 of 1st period - Deflect By Mathieu Darche.
19:44 of 1st period - Stopped by Allen York with a rebound.
19:46 of 1st period - Slapshot by Paul Ranger.
19:46 of 1st period - Shot Blocked by Jonathan Ericsson.
19:48 of 1st period - Snap shot by Yannick Tremblay.
19:48 of 1st period - Stopped by Allen York with a rebound.
2nd period
0:01 of 2nd period - Kyle Chipchura wins face-off versus John Mitchell in neutral zone.
0:26 of 2nd period - Minor Penalty to Chris Mcallister for Hooking.
0:27 of 2nd period - Mikael Renberg wins face-off versus John Mitchell in River Rats zone.
0:43 of 2nd period - Penalty to Tyler Bozak is over, Tyler Bozak is back on ice.
1:02 of 2nd period - Snap shot by Stefan Ruzicka.
1:02 of 2nd period - Stopped by Allen York with a rebound.
1:04 of 2nd period - Snap shot by Paul Ranger.
1:04 of 2nd period - Shot Misses the Net.
1:31 of 2nd period - Off-side.
1:32 of 2nd period - Cory Emmerton wins face-off versus Dustin Boyd in neutral zone.
2:26 of 2nd period - Penalty to Chris Mcallister is over, Chris Mcallister is back on ice.
2:44 of 2nd period - Snap shot by Chris Mcallister.
2:44 of 2nd period - Shot Blocked by Pavel Vorobiev.
3:21 of 2nd period - Off-side.
3:22 of 2nd period - Cory Emmerton wins face-off versus Brett Maclean in neutral zone.
3:27 of 2nd period - Wrist shot by Stefan Ruzicka.
3:27 of 2nd period - Deflect By Mikael Renberg.
3:27 of 2nd period - Stopped by Allen York with a rebound.
4:16 of 2nd period - Snap shot by Dustin Boyd.
4:16 of 2nd period - Stopped by Marek Schwarz with a rebound.
4:19 of 2nd period - Icing by Mathieu Darche.
4:20 of 2nd period - Dustin Boyd wins face-off versus John Mitchell in Machettes zone.
5:10 of 2nd period - Minor Penalty to Peter Olvecky for Interference.
5:10 of 2nd period - Minor Penalty to Dustin Boyd for Holding.
5:11 of 2nd period - Pavel Vorobiev wins face-off versus Tyler Bozak in Machettes zone.
5:55 of 2nd period - Chris Mcallister is hit by Steven Goertzen and loses puck.
6:27 of 2nd period - Alexandre Picard is hit by Ben Lovejoy and loses puck.
7:10 of 2nd period - Penalty to Peter Olvecky is over, Peter Olvecky is back on ice.
7:10 of 2nd period - Penalty to Dustin Boyd is over, Dustin Boyd is back on ice.
7:14 of 2nd period - Slapshot by Steven Goertzen.
7:14 of 2nd period - Shot Misses the Net.
7:26 of 2nd period - Wrist shot by Ryan Suter.
7:26 of 2nd period - Stopped by Marek Schwarz without a rebound.
7:27 of 2nd period - Rick Schofield wins face-off versus Peter Mueller in Machettes zone.
7:27 of 2nd period - Rick Schofield is hit by Trent Hunter.
7:33 of 2nd period - Backhand shot by Yannick Tremblay.
7:33 of 2nd period - Stopped by Allen York with a rebound.
7:35 of 2nd period - Slapshot by Paul Ranger.
7:35 of 2nd period - Deflect By Jim Fahey.
7:35 of 2nd period - Stopped by Allen York with a rebound.
7:41 of 2nd period - Slapshot by Yannick Tremblay.
7:41 of 2nd period - Stopped by Allen York with a rebound.
7:43 of 2nd period - Snap shot by Matt Keith.
7:43 of 2nd period - Stopped by Allen York without a rebound.
7:44 of 2nd period - Dustin Boyd wins face-off versus John Mitchell in River Rats zone.
7:48 of 2nd period - Minor Penalty to Sergei Shirokov for Holding.
7:49 of 2nd period - Kyle Chipchura wins face-off versus John Mitchell in River Rats zone.
9:48 of 2nd period - Penalty to Sergei Shirokov is over, Sergei Shirokov is back on ice.
10:00 of 2nd period - Wrist shot by Tyler Bozak.
10:00 of 2nd period - Shot Misses the Net.
10:34 of 2nd period - Off-side.
10:35 of 2nd period - Peter Mueller wins face-off versus Rick Schofield in neutral zone.
10:37 of 2nd period - Off-side.
10:38 of 2nd period - Rick Schofield wins face-off versus Peter Mueller in neutral zone.
11:07 of 2nd period - Dustin Boyd is hit by John Mitchell and loses puck.
11:24 of 2nd period - Snap shot by Stefan Ruzicka.
11:24 of 2nd period - Shot Misses the Net.
12:04 of 2nd period - Steven Goertzen is hit by Keith Seabrook.
12:08 of 2nd period - Dustin Boyd is hit by Steven Goertzen and loses puck.
12:17 of 2nd period - Wrist shot by Stephane Da Costa.
12:17 of 2nd period - Shot Misses the Net.
12:19 of 2nd period - Slapshot by Tyler McNeely.
12:19 of 2nd period - Stopped by Allen York without a rebound.
12:20 of 2nd period - John Mitchell wins face-off versus Peter Mueller in River Rats zone.
12:21 of 2nd period - Slapshot by Pavel Vorobiev.
12:21 of 2nd period - Goal by Pavel Vorobiev - River Rats : 2 - Machettes : 1.
12:22 of 2nd period - John Mitchell wins face-off versus Dustin Boyd in neutral zone.
12:27 of 2nd period - Icing by Dustin Boyd.
12:28 of 2nd period - Dustin Boyd wins face-off versus John Mitchell in River Rats zone.
12:37 of 2nd period - Snap shot by Dustin Boyd.
12:37 of 2nd period - Shot Blocked by Paul Ranger.
13:39 of 2nd period - Slapshot by Bryan Bickell.
13:39 of 2nd period - Shot Misses the Net.
13:41 of 2nd period - Slapshot by Kyle Chipchura.
13:41 of 2nd period - Shot Misses the Net.
13:43 of 2nd period - Snap shot by Kyle Chipchura.
13:43 of 2nd period - Stopped by Marek Schwarz with a rebound.
13:56 of 2nd period - Snap shot by Pavel Vorobiev.
13:56 of 2nd period - Shot Misses the Net.
13:58 of 2nd period - Wrist shot by John Mitchell.
13:58 of 2nd period - Shot Blocked by Jim Fahey.
14:00 of 2nd period - Slapshot by John Mitchell.
14:00 of 2nd period - Shot Misses the Net.
14:06 of 2nd period - Slapshot by Paul Ranger.
14:06 of 2nd period - Deflect By Sergei Shirokov.
14:06 of 2nd period - Stopped by Allen York without a rebound.
14:07 of 2nd period - Tyler Bozak wins face-off versus Cory Emmerton in River Rats zone.
14:23 of 2nd period - Snap shot by Stefan Ruzicka.
14:23 of 2nd period - Stopped by Allen York with a rebound.
14:53 of 2nd period - Wrist shot by Brett Maclean.
14:53 of 2nd period - Shot Misses the Net.
14:55 of 2nd period - Snap shot by Jonathan Ericsson.
14:55 of 2nd period - Shot Blocked by Justin Falk.
14:57 of 2nd period - Snap shot by Tyler Bozak.
14:57 of 2nd period - Stopped by Marek Schwarz with a rebound.
15:15 of 2nd period - Wrist shot by Tyler Bozak.
15:15 of 2nd period - Shot Blocked by Andrew Orpik.
15:17 of 2nd period - Slapshot by Ben Lovejoy.
15:17 of 2nd period - Shot Misses the Net.
15:19 of 2nd period - Snap shot by Jonathan Ericsson.
15:19 of 2nd period - Shot Blocked by Tyler McNeely.
15:32 of 2nd period - Off-side.
15:33 of 2nd period - John Mitchell wins face-off versus Chris Mcallister in neutral zone.
15:36 of 2nd period - Slapshot by Alec Martinez.
15:36 of 2nd period - Shot Blocked by Andrej Meszaros.
15:58 of 2nd period - Alexandre Picard is hit by Peter Mueller and loses puck.
16:18 of 2nd period - Minor Penalty to Keith Seabrook for Interference.
16:19 of 2nd period - Kyle Chipchura wins face-off versus John Mitchell in River Rats zone.
16:28 of 2nd period - Slapshot by Paul Ranger.
16:28 of 2nd period - Shot Blocked by Ben Lovejoy.
16:42 of 2nd period - Dustin Boyd is hit by Mathieu Darche and loses puck.
16:55 of 2nd period - Snap shot by Pavel Vorobiev.
16:55 of 2nd period - Shot Blocked by Ben Lovejoy.
16:57 of 2nd period - Snap shot by John Mitchell.
16:57 of 2nd period - Shot Blocked by Dustin Boyd.
16:59 of 2nd period - Slapshot by Paul Ranger.
16:59 of 2nd period - Stopped by Allen York without a rebound.
17:00 of 2nd period - Cory Emmerton wins face-off versus Kyle Chipchura in River Rats zone.
18:18 of 2nd period - Penalty to Keith Seabrook is over, Keith Seabrook is back on ice.
18:20 of 2nd period - Off-side.
18:21 of 2nd period - Stephane Da Costa wins face-off versus Tyler Bozak in neutral zone.
18:24 of 2nd period - Brett Maclean is hit by Steven Goertzen and loses puck.
18:53 of 2nd period - Slapshot by Yannick Tremblay.
18:53 of 2nd period - Stopped by Allen York without a rebound.
18:54 of 2nd period - Dustin Boyd wins face-off versus Rick Schofield in River Rats zone.
18:54 of 2nd period - Dustin Boyd is hit by Alec Martinez.
19:20 of 2nd period - Wrist shot by Rick Schofield.
19:20 of 2nd period - Stopped by Allen York with a rebound.
19:28 of 2nd period - Snap shot by Rick Schofield.
19:28 of 2nd period - Shot Misses the Net.
19:40 of 2nd period - Andrej Meszaros is hit by Mathieu Darche and loses puck.
19:50 of 2nd period - Minor Penalty to Peter Mueller for Cross-checking.
19:51 of 2nd period - Kyle Chipchura wins face-off versus John Mitchell in River Rats zone.
3rd period
0:01 of 3rd period - John Mitchell wins face-off versus Kyle Chipchura in neutral zone.
0:39 of 3rd period - Wrist shot by Cory Emmerton.
0:39 of 3rd period - Goal by Cory Emmerton - River Rats : 2 - Machettes : 2.
0:40 of 3rd period - John Mitchell wins face-off versus Dustin Boyd in neutral zone.
1:04 of 3rd period - Icing by Cory Emmerton.
1:05 of 3rd period - Cory Emmerton wins face-off versus Tyler Bozak in Machettes zone.
1:05 of 3rd period - Cory Emmerton is hit by Mikael Renberg.
1:12 of 3rd period - Off-side.
1:13 of 3rd period - John Mitchell wins face-off versus Dustin Boyd in neutral zone.
2:02 of 3rd period - Slapshot by Jonathan Ericsson.
2:02 of 3rd period - Shot Misses the Net.
2:24 of 3rd period - Snap shot by Trent Hunter.
2:24 of 3rd period - Stopped by Marek Schwarz without a rebound.
2:25 of 3rd period - John Mitchell wins face-off versus Peter Mueller in Machettes zone.
2:25 of 3rd period - John Mitchell is hit by Josh Gratton.
2:26 of 3rd period - Minor Penalty to Keith Seabrook for Tripping.
2:27 of 3rd period - John Mitchell wins face-off versus Kyle Chipchura in River Rats zone.
2:28 of 3rd period - Wrist shot by Pavel Vorobiev.
2:28 of 3rd period - Stopped by Allen York with a rebound.
2:52 of 3rd period - Yannick Tremblay is hit by Chris Mcallister and loses puck.
3:03 of 3rd period - Slapshot by Andrej Meszaros.
3:03 of 3rd period - Deflect By Dustin Boyd.
3:03 of 3rd period - Stopped by Marek Schwarz with a rebound.
3:21 of 3rd period - Minor Penalty to Paul Ranger for Tripping.
3:22 of 3rd period - Tyler Bozak wins face-off versus Pavel Vorobiev in Machettes zone.
3:29 of 3rd period - Slapshot by Stefan Ruzicka.
3:29 of 3rd period - Goal by Stefan Ruzicka - River Rats : 2 - Machettes : 3.
3:30 of 3rd period - Pavel Vorobiev wins face-off versus Tyler Bozak in neutral zone.
3:38 of 3rd period - Icing by Ben Lovejoy.
3:39 of 3rd period - Tyler Bozak wins face-off versus Pavel Vorobiev in River Rats zone.
3:39 of 3rd period - Tyler Bozak is hit by Stefan Ruzicka.
3:55 of 3rd period - Snap shot by Tyler Bozak.
3:55 of 3rd period - Shot Misses the Net.
4:26 of 3rd period - Penalty to Keith Seabrook is over, Keith Seabrook is back on ice.
4:47 of 3rd period - Snap shot by Tyler Bozak.
4:47 of 3rd period - Deflect By Keith Seabrook.
4:47 of 3rd period - Shot Misses the Net.
4:47 of 3rd period - Puck is out of play.
4:48 of 3rd period - Steven Goertzen wins face-off versus Peter Mueller in Machettes zone.
5:21 of 3rd period - Penalty to Paul Ranger is over, Paul Ranger is back on ice.
5:37 of 3rd period - Wrist shot by Bryan Bickell.
5:37 of 3rd period - Stopped by Marek Schwarz with a rebound.
5:39 of 3rd period - Snap shot by Bryan Bickell.
5:39 of 3rd period - Deflect By Jay Beagle.
5:39 of 3rd period - Stopped by Marek Schwarz with a rebound.
6:18 of 3rd period - Alec Martinez is hit by Chris Mcallister and loses puck.
6:43 of 3rd period - Icing by Andrej Meszaros.
6:44 of 3rd period - Kyle Chipchura wins face-off versus Cory Emmerton in River Rats zone.
6:44 of 3rd period - Kyle Chipchura is hit by Peter Olvecky.
6:45 of 3rd period - Minor Penalty to Cory Emmerton for Charging.
6:46 of 3rd period - Dustin Boyd wins face-off versus Pavel Vorobiev in Machettes zone.
6:55 of 3rd period - Wrist shot by Sergei Shirokov.
6:55 of 3rd period - Shot Misses the Net.
8:17 of 3rd period - John Mitchell is hit by Jonathan Ericsson and loses puck.
8:45 of 3rd period - Penalty to Cory Emmerton is over, Cory Emmerton is back on ice.
8:50 of 3rd period - Slapshot by Jonathan Ericsson.
8:50 of 3rd period - Stopped by Marek Schwarz with a rebound.
9:08 of 3rd period - Peter Mueller is hit by Luca Caputi and loses puck.
9:25 of 3rd period - Andrew Orpik is hit by Bryan Bickell.
10:39 of 3rd period - Icing by Dustin Boyd.
10:40 of 3rd period - Dustin Boyd wins face-off versus Cory Emmerton in River Rats zone.
11:07 of 3rd period - Snap shot by Pavel Vorobiev.
11:07 of 3rd period - Stopped by Allen York without a rebound.
11:08 of 3rd period - Tyler Bozak wins face-off versus John Mitchell in River Rats zone.
11:21 of 3rd period - Wrist shot by Mathieu Darche.
11:21 of 3rd period - Shot Misses the Net.
11:22 of 3rd period - Minor Penalty to Mikael Renberg for Roughing.
11:23 of 3rd period - Kyle Chipchura wins face-off versus John Mitchell in River Rats zone.
11:27 of 3rd period - Minor Penalty to Paul Ranger for Hooking.
11:28 of 3rd period - Pavel Vorobiev wins face-off versus Tyler Bozak in Machettes zone.
12:05 of 3rd period - Alexandre Picard is hit by Dustin Boyd and loses puck.
12:44 of 3rd period - Icing by Yannick Tremblay.
12:45 of 3rd period - Matt Keith wins face-off versus Tyler Bozak in Machettes zone.
13:18 of 3rd period - Snap shot by Steven Goertzen.
13:18 of 3rd period - Shot Blocked by Dustin Boyd.
13:22 of 3rd period - Penalty to Mikael Renberg is over, Mikael Renberg is back on ice.
13:27 of 3rd period - Penalty to Paul Ranger is over, Paul Ranger is back on ice.
14:06 of 3rd period - Slapshot by Andrej Meszaros.
14:06 of 3rd period - Stopped by Marek Schwarz without a rebound.
14:07 of 3rd period - Peter Mueller wins face-off versus Cory Emmerton in Machettes zone.
14:07 of 3rd period - Minor Penalty to Peter Olvecky for Hooking.
14:08 of 3rd period - Pavel Vorobiev wins face-off versus Peter Mueller in Machettes zone.
14:17 of 3rd period - Backhand shot by Ben Lovejoy.
14:17 of 3rd period - Shot Misses the Net.
14:50 of 3rd period - Yannick Tremblay is hit by Jonathan Ericsson and loses puck.
16:07 of 3rd period - Penalty to Peter Olvecky is over, Peter Olvecky is back on ice.
16:08 of 3rd period - Bryan Bickell is hit by John Mitchell and loses puck.
16:13 of 3rd period - Slapshot by John Mitchell.
16:13 of 3rd period - Stopped by Allen York with a rebound.
16:15 of 3rd period - Slapshot by Andrew Orpik.
16:15 of 3rd period - Shot Misses the Net.
16:17 of 3rd period - Slapshot by Justin Falk.
16:17 of 3rd period - Shot Misses the Net.
16:19 of 3rd period - Backhand shot by Steven Goertzen.
16:19 of 3rd period - Shot Misses the Net.
16:21 of 3rd period - Snap shot by John Mitchell.
16:21 of 3rd period - Deflect By Steven Goertzen.
16:21 of 3rd period - Deflect By Andrej Meszaros.
16:21 of 3rd period - Stopped by Allen York with a rebound.
16:23 of 3rd period - Snap shot by Steven Goertzen.
16:23 of 3rd period - Deflect By John Mitchell.
16:23 of 3rd period - Shot Blocked by Jay Beagle.
16:23 of 3rd period - Puck is out of play.
16:24 of 3rd period - Tyler Bozak wins face-off versus Rick Schofield in River Rats zone.
16:29 of 3rd period - Justin Falk is hit by Tyler Bozak and loses puck.
16:38 of 3rd period - Slapshot by Matt Keith.
16:38 of 3rd period - Stopped by Allen York without a rebound.
16:39 of 3rd period - Tyler Bozak wins face-off versus Stephane Da Costa in River Rats zone.
16:44 of 3rd period - Paul Ranger is hit by Brett Maclean and loses puck.
16:45 of 3rd period - Paul Ranger from Machettes is injured at 16:45 of 3rd period (Right Eye).
16:46 of 3rd period - Stephane Da Costa wins face-off versus Peter Mueller in Machettes zone.
16:46 of 3rd period - Stephane Da Costa is hit by Ben Lovejoy.
17:00 of 3rd period - Tyler McNeely is hit by Josh Gratton and loses puck.
17:17 of 3rd period - Wrist shot by Mikael Renberg.
17:17 of 3rd period - Shot Blocked by Steven Goertzen.
17:54 of 3rd period - Snap shot by Steven Goertzen.
17:54 of 3rd period - Stopped by Allen York without a rebound.
17:55 of 3rd period - John Mitchell wins face-off versus Kyle Chipchura in River Rats zone.
17:58 of 3rd period - Wrist shot by John Mitchell.
17:58 of 3rd period - Deflect By Mathieu Darche.
17:58 of 3rd period - Shot Misses the Net.
17:58 of 3rd period - Puck is out of play.
17:59 of 3rd period - John Mitchell wins face-off versus Peter Mueller in River Rats zone.
18:16 of 3rd period - Alec Martinez is hit by Jonathan Ericsson and loses puck.
18:57 of 3rd period - Snap shot by Stefan Ruzicka.
18:57 of 3rd period - Stopped by Allen York with a rebound.
19:23 of 3rd period - River Rats, Allen York is pulled from the net.
19:25 of 3rd period - Wrist shot by Mikael Renberg.
19:25 of 3rd period - Shot Misses the Net.
19:27 of 3rd period - Snap shot by Dustin Boyd.
19:27 of 3rd period - Shot Blocked by Alexandre Picard.
19:29 of 3rd period - Slapshot by Andrej Meszaros.
19:29 of 3rd period - Deflect By Alec Martinez.
19:29 of 3rd period - Stopped by Marek Schwarz without a rebound.
19:30 of 3rd period - Randy Cunneyworth call a timeout for River Rats.
19:30 of 3rd period - Mathieu Darche wins face-off versus Mikael Renberg in Machettes zone.
Output by the SimonT Hockey Simulator (STHS) for François Prévost -- Original Page W3C XHTML 1.0 Valid